 Dungeon Crawl Stone Soup version 0.29-a0-998-g1987434951 (webtiles) character file.

Game seed: 6605877857676173072

39 xian the Shooter (level 3, -1/22 HPs)
             Began as a Kobold Hunter on Aug 6, 2022.
             Slain by Grinder (2 damage)
             ... on level 2 of the Dungeon.
             The game lasted 00:02:12 (1779 turns).

xian the Shooter (Kobold Hunter)                    Turns: 1779, Time: 00:02:12

Health: -1/22      AC:  3    Str:  8    XL:     3   Next: 70%
Magic:  3/3        EV: 15    Int: 10    God:
Gold:   79         SH:  0    Dex: 20    Spells: 2/2 levels left

rFire   . . .      SeeInvis .   a - +0 shortbow
rCold   . . .      Faith    .   (shield currently unavailable)
rNeg    . . .      Spirit   .   c - +0 leather armour
rPois   .          Reflect  .   (no helmet)
rElec   .          Harm     .   (no cloak)
rCorr   .          Rampage  .   (no gloves)
Will    .....                   (no boots)
Stlth   +++.......              (no amulet)
HPRegen 0.07/turn               i - +4 ring of slaying
MPRegen 0.08/turn               (no ring)

@: no status effects
A: small, no large weapons, nightstalker 3
a: no special abilities


You were on level 2 of the Dungeon.
You visited 1 branch of the dungeon, and saw 3 of its levels.

You collected 79 gold pieces.

Inventory:

Hand Weapons
 a - a +0 shortbow (weapon)
Armour
 c - a +0 leather armour (worn)
Jewellery
 i - a +4 ring of slaying (left hand)
Scrolls
 b - a scroll of immolation
 d - 2 scrolls of identify {unknown}
 e - 2 scrolls of teleportation {unknown}
 f - 3 scrolls of noise {unknown}
 g - a scroll of enchant armour {unknown}
Potions
 h - a potion of curing
 j - a potion of lignification {unknown}


   Skills:
 + Level 2.4 Fighting
 + Level 6.4 Ranged Weapons
 + Level 0.1 Armour
 + Level 2.9 Dodging
 - Level 1.3 Stealth


You had 2 spell levels left.
You didn't know any spells.
Your spell library contained the following spells:

 Spells                   Type           Power      Damage    Failure   Level
 Beastly Appendage        Tmut           0%         N/A       50%         1
 Wereblood                Tmut           0%         N/A       63%         2
 Spider Form              Tmut/Pois      0%         N/A       86%         3


Dungeon Overview and Level Annotations

Branches:
Dungeon (3/15)

Altars:

Annotations:
D:2 Grinder


Innate Abilities, Weirdness & Mutations

You are small and have problems with some larger weapons.
You are completely attuned to the shadows.


Message History

Grinder comes into view.
You shoot an arrow. The arrow barely misses the rat.
You shoot an arrow. The arrow hits the rat!
You kill the rat!
You shoot an arrow. The arrow completely misses Grinder.
Grinder gestures at you. Pain shoots through your body!
You shoot an arrow. The arrow closely misses Grinder.
Grinder closely misses you.
You shoot an arrow. The arrow hits Grinder.
Grinder is lightly wounded.
Grinder hits you.
You shoot an arrow. The arrow hits Grinder!
Grinder is moderately wounded.
Grinder hits you.
You writhe in agony.
You are too injured to fight recklessly!
Okay, then.
Okay, then.
Grinder barely misses you.
You climb upwards.
There is a stone staircase leading down here.
i - a +4 ring of slaying (left hand) Grinder closely misses you.
Okay, then.
Fire: a) +0 shortbow
Press: ? - help, Q - select action Shift-Dir - straight line, f - Grinder
Aim: Grinder (moderately wounded, 67% to hit)
You shoot an arrow. The arrow closely misses Grinder.
Grinder gestures at you.
You suddenly lose the ability to move!
Grinder gestures at you. You resist with significant effort.
Grinder gestures at you. Pain shoots through your body!
* * * LOW HITPOINT WARNING * * *
You can move again.
It was a potion of curing.
You feel better. Grinder hits you.
* * * LOW HITPOINT WARNING * * *
You writhe in agony.
You die...

### ..# #.# ########## #######
#.# ###### #.|......# #.....#
#'####....# #........# #.###.###
..........####........# #.#...#..
.....#.##....'........# #.#.###.#
.....#..#.####........# #.#.###.#
.....#.##.# #..@.....# #.#).....
.....#.##.# #...5....# #.#####.#
#'#....##.# ##+#'##'####..(.....
#)##†####.# ###.#.#....##...#####
..........###.....#..#.##...'....
#.##.######...#.######.##...####.
#.#...#.###...#........##...'>.#.
......#...'...###########...##.#.
......#.###...# #...##.#.


You could see Grinder.

Vanquished Creatures
  A dart slug (D:1)
  3 bats (D:1)
  4 endoplasms
  2 giant cockroaches
  A hobgoblin (D:3)
  5 jackals
  A quokka (D:1)
  5 ball pythons
  5 goblins
  4 kobolds
  2 rats
33 creatures vanquished.

Notes
Turn   | Place    | Note
-------+----------+-------------------------------------------
     0 | D:1      | xian the Kobold Hunter began the quest for the Orb.
     0 | D:1      | Reached XP level 1. HP: 12/12 MP: 1/1
   270 | D:1      | Reached XP level 2. HP: 15/17 MP: 2/2
   604 | D:1      | Reached skill level 6 in Ranged Weapons
   625 | D:1      | Reached XP level 3. HP: 19/21 MP: 3/3
  1114 | D:2      | Found a faded altar of an unknown god.
  1766 | D:3      | Noticed Grinder
  1776 | D:2      | Paralysed by Grinder for 3 turns
  1778 | D:2      | HP: 1/22 [Grinder/nerve-wracking pain (9)]
  1779 | D:2      | Slain by Grinder

Illustrated notes

Levels and vault maps discovered:
D:1:      dpeg_arrival_line_fractal, layout_basic, st_stairs_1
D:2:      layout_basic, ebering_ecumenical_altar_webs, hangedman_glass_teeth,
          kennysheep_generic_room_11
D:3:      layout_basic, gammafunk_ghost_mausoleum, minmay_misc_feat_roman,
          uniq_grinder

Skill      XL: |  1  2 |
---------------+-------+-----
Ranged Weapons | 6 |  6.4
Fighting       | |  2.4
Armour         | |  0.1
Dodging        | |  2.9
Stealth        | |  1.3

Action                   || total
-------------------------++-------
 Fire: Shortbow          ||    75
  Use: Potion            ||     1
Armor: Leather armour    ||    11
Dodge: Dodged            ||    35

Table legend: (Time is in decaauts)
 A = Elapsed time spent in this place.
 B = Non-inter-level travel time spent in this place.
 C = Inter-level travel time spent in this place.
 D = Time resting spent in this place.
 E = Time spent auto-exploring this place.
 F = Levels seen in this place.
 G = Mean time per level.
                   A        B        C        D        E       F      G
               +--------+--------+--------+--------+--------+-----+--------+
         Total |   1797 |   1747 |     50 |      0 |   1589 |   3 |  599.0 |
       Dungeon |   1797 |   1747 |     50 |      0 |   1589 |   3 |  599.0 |
               +--------+--------+--------+--------+--------+-----+--------+

Top non-repeatable levels by time:
     D:1: 908 daAuts
     D:2: 877 daAuts
     D:3: 11 daAuts
